 Dungeon Crawl Stone Soup version 0.30-a0-297-g0ec75d9ef4 (webtiles) character file.

Game seed: 17776881104784268993

109 NinjaNoafa the Ducker (level 4, -5/35 HPs)
             Began as a Merfolk Gladiator on Oct 19, 2022.
             Slain by an iguana (12 damage)
             ... on level 3 of the Dungeon.
             The game lasted 00:04:37 (1650 turns).

NinjaNoafa the Ducker (Merfolk Gladiator)           Turns: 1650, Time: 00:04:37

Health: -5/35      AC:  5    Str: 14    XL:     4   Next: 89%
Magic:  4/4        EV: 14    Int:  7    God:
Gold:   115        SH:  0    Dex: 17    Spells: 3/3 levels left

rFire   . . .      SeeInvis .    a - +0 rapier
rCold   . . .      Faith    .    (no shield)
rNeg    . . .      Spirit   .    b - +0 leather armour
rPois   .          Reflect  .    c - +0 helmet
rElec   .          Harm     .    (no cloak)
rCorr   .          Rampage  .    (no gloves)
Will    .....                    j - +0 pair of boots
Stlth   ++........               (no amulet)
HPRegen 0.25/turn                (no ring)
MPRegen 0.09/turn                (no ring)

@: mighty
A: (nimble swimmer 2), mertail
a: no special abilities


You were on level 3 of the Dungeon.
You visited 1 branch of the dungeon, and saw 3 of its levels.

You collected 115 gold pieces.

Inventory:

Hand Weapons
 a - a +0 rapier (weapon)
Missiles
 d - 3 throwing nets
 e - a javelin (quivered)
 k - 27 stones
 q - 4 boomerangs
Armour
 b - a +0 leather armour (worn)
 c - a +0 helmet (worn)
 j - a +0 pair of boots (worn)
Jewellery
 t - a +6 ring of intelligence
 u - an amulet of magic regeneration
Wands
 r - a wand of paralysis (12)
Scrolls
 f - 3 scrolls of identify {unknown}
 g - 2 scrolls of amnesia {unknown}
 h - 4 scrolls of vulnerability {unknown}
 i - 3 scrolls of teleportation {unknown}
 m - a scroll of immolation {unknown}
 s - a scroll of magic mapping {unknown}
Potions
 n - a potion of mutation {unknown}
 o - a potion of heal wounds {unknown}
 p - a potion of cancellation {unknown}
 v - a potion of invisibility {unknown}


   Skills:
 - Level 3.0 Fighting
 - Level 5.0 Short Blades
 - Level 2.0 Throwing
 - Level 5.0 Dodging
 + Level 2.0 Stealth


You had 3 spell levels left.
You didn't know any spells.
Your spell library contained the following spells:

 Spells                   Type           Power      Damage    Failure   Level
 Beastly Appendage        Tmut           0%         N/A       52%         1
 Magic Dart               Conj           0%         1d3       52%         1
 Searing Ray              Conj           0%         2d4       65%         2
 Wereblood                Tmut           0%         N/A       65%         2
 Spider Form              Tmut/Pois      0%         N/A       87%         3
 Fulminant Prism          Conj/Hex       0%         3d6       99%         4


Dungeon Overview and Level Annotations

Branches:
Dungeon (3/15)

Altars:

Shops:
D:1 (


Innate Abilities, Weirdness & Mutations

((You are very nimble when in or above water. (Stealth+, EV+, Speed+++)))
Your lower body shifts to a powerful aquatic tail in water.


Message History

e - a javelin
u - an amulet of magic regeneration
v - a sedimented blue potion A goblin comes into view.
It is wielding a +0 club.
A goblin is nearby!
An iguana comes into view.
The iguana hisses angrily.
The goblin misses you.
You hit the goblin.
You kill the goblin!
Things that are here:
a +0 club; a +0 sling; a goblin corpse
Things that are here:
a +0 club; a +0 sling; a goblin corpse The iguana misses you.
You closely miss the iguana. The iguana misses you.
You hit the iguana.
The iguana is lightly wounded.
The iguana bites you!
You hit the iguana.
The iguana is heavily wounded.
The iguana bites you.
You closely miss the iguana.
The iguana is moderately wounded.
The iguana bites you!
* * * LOW HITPOINT WARNING * * *
You barely miss the iguana.
The iguana is moderately wounded.
The iguana barely misses you.
You closely miss the iguana.
The iguana is moderately wounded.
The iguana closely misses you.
You hit the iguana.
The iguana is heavily wounded.
The iguana bites you.
* * * LOW HITPOINT WARNING * * *
It was a potion of might.
You feel very mighty all of a sudden. The iguana bites you!
You die...

.....##............# #.##......
#....##.####......## #.########
#..>....# ##...### #.# ......###
#...###### #.# ......# #........#
#.#
..#...#######..[####.###.#####
.............................###.
..#.............).....#####......
................@.....# #..###.
#....######.....l###..# #..#
.....# #>#..... ...# #..# ####.#
#.#....####.#####).# #.# #.#....#
#.......## #.# ......# ####.####
## #.# #......# #.# .###.#
......## #.# .....# #.########


You could see an iguana.

Vanquished Creatures
  A gnoll (D:1)
  2 adders
  2 dart slugs
  4 orcs (D:3)
  12 endoplasms
  5 giant cockroaches
  7 goblins
  4 hobgoblins
  A quokka (D:2)
  7 ball pythons
  9 bats
  6 frilled lizards
  4 kobolds
  4 rats
68 creatures vanquished.

Notes
Turn   | Place    | Note
-------+----------+-------------------------------------------
     0 | D:1      | NinjaNoafa the Merfolk Gladiator began the quest for the
                  | Orb.
     0 | D:1      | Reached XP level 1. HP: 16/16 MP: 1/1
    39 | D:1      | Reached XP level 2. HP: 19/24 MP: 2/2
   213 | D:1      | Found Jerhown's Antique Weapon Emporium.
   268 | D:1      | Reached XP level 3. HP: 25/29 MP: 3/3
   441 | D:1      | Found a faded altar of an unknown god.
   453 | D:1      | Reached skill level 5 in Dodging
   761 | D:2      | Reached XP level 4. HP: 29/35 MP: 4/4
  1138 | D:2      | Reached skill level 5 in Short Blades
  1328 | D:3      | Reached skill level 1 in Stealth
  1650 | D:3      | Slain by an iguana

Illustrated notes

Levels and vault maps discovered:
D:1:      minmay_arrival_open_corners, layout_rooms,
          ebering_ecumenical_altar_mist, serial_shops, shop,
          kennysheep_decorative_pillar, minmay_tetromino_l2
D:2:      layout_rooms
D:3:      layout_loops_cross

Skill      XL: |  1  2  3  4 |
---------------+-------------+-----
Fighting       | 3 |  3.0
Short Blades   | 4 5 |  5.0
Dodging        | 5 |  5.0
Stealth        | 2 |  2.0
Throwing       | |  2.0

Action                   |  1- 3 |  4- 6 || total
-------------------------+-------+-------++-------
Melee: Rapier            |    99 |    69 ||   168
Throw: Javelin           |     2 |     7 ||     9
  Use: Potion            |       |     1 ||     1
 Stab: Sleeping          |     2 |       ||     2
Armor: Leather armour    |    30 |    18 ||    48
Dodge: Dodged            |    84 |    67 ||   151

Table legend: (Time is in decaauts)
 A = Elapsed time spent in this place.
 B = Non-inter-level travel time spent in this place.
 C = Inter-level travel time spent in this place.
 D = Time resting spent in this place.
 E = Time spent auto-exploring this place.
 F = Levels seen in this place.
 G = Mean time per level.
                   A        B        C        D        E       F      G
               +--------+--------+--------+--------+--------+-----+--------+
         Total |   1649 |   1587 |     62 |      0 |   1150 |   3 |  549.7 |
       Dungeon |   1649 |   1587 |     62 |      0 |   1150 |   3 |  549.7 |
               +--------+--------+--------+--------+--------+-----+--------+

Top non-repeatable levels by time:
     D:1: 709 daAuts
     D:2: 510 daAuts
     D:3: 430 daAuts
